 Dungeon Crawl Stone Soup version 0.29-a0-322-g68df515428 (webtiles) character file.

Game seed: 15084779643964652403

93 kae the Firebug (level 4, 0/25 HPs)
             Began as a Tengu Fire Elementalist on Apr 7, 2022.
             Killed by divine providence
             ... invoked by an orc priest
              (12 damage)
             ... on level 3 of the Dungeon.
             The game lasted 00:01:52 (3110 turns).

kae the Firebug (Tengu Fire Elementalist)           Turns: 3110, Time: 00:01:52

Health: 0/25       AC:  2    Str:  8    XL:     4   Next: 61%
Magic:  8/8        EV: 28    Int: 18    God:
Gold:   627        SH:  0    Dex: 14    Spells: 1/7 levels left

rFire   . . .      SeeInvis .   (no weapon)
rCold   . . .      Faith    .   (no shield)
rNeg    . . .      Spirit   .   a - +0 robe
rPois   .          Reflect  .   (helmet restricted)
rElec   .          Harm     .   (no cloak)
rCorr   .          Rampage  .   (no gloves)
Will    .....                   (boots unavailable)
Stlth   ++........              i - amulet of the acrobat
HPRegen 0.08/turn               (no ring)
MPRegen 0.11/turn               (no ring)

@: acrobatic
A: beak, talons 3
a: no special abilities


You were on level 3 of the Dungeon.
You visited 1 branch of the dungeon, and saw 3 of its levels.

You collected 627 gold pieces.

Inventory:

Armour
 a - a +0 robe (worn)
Jewellery
 i - an amulet of the acrobat (around neck)
Scrolls
 h - a scroll of holy word {unknown}
 k - 2 scrolls of immolation
Potions
 b - a potion of magic
 c - 2 potions of lignification
 d - 3 potions of curing {unknown}
 e - a potion of ambrosia {unknown}
 f - a potion of mutation {unknown}
 g - a potion of invisibility {unknown}


   Skills:
 + Level 1.3 Fighting
 + Level 1.6 Armour
 + Level 2.9 Dodging
 - Level 2.0 Stealth
 + Level 2.4 Spellcasting
 + Level 2.5 Conjurations
 + Level 3.7 Fire Magic


You had one spell level left.
You knew the following spells:

 Your Spells              Type           Power      Damage    Failure   Level
a - Foxfire               Conj/Fire      52%        2x1d6     4%          1
b - Scorch                Fire           30%        2d6       5%          2
c - Conjure Flame         Conj/Fire      13%        6-21      14%         3

Your spell library contained the following spells:

 Spells                   Type           Power      Damage    Failure   Level
 Inner Flame              Hex/Fire       9%         N/A       24%         3
 Flame Wave               Conj/Fire      13%        2d6       43%         4


Dungeon Overview and Level Annotations

Branches:
Dungeon (3/15)

Altars:
The Shining One

Annotations:
D:2 1 runed translucent door, Crazy Yiuf, Natasha
D:3 3 runed translucent doors, robertstho's ghost, amateur TeHu


Innate Abilities, Weirdness & Mutations

You have a beak for a mouth.
You have claws for feet.


Message History

Casting: Scorch (safe; 5% risk of failure)
Confirm with . or Enter, or press ? or * to list all spells.
You conjure some foxfire!
Casting: Foxfire (safe; 4% risk of failure)
Confirm with . or Enter, or press ? or * to list all spells.
You conjure some foxfire!
The foxfire hits the orc.
The orc is moderately wounded.
The foxfire hits the orc.
The orc is heavily wounded.
The foxfire hits the orc.
The orc is almost dead.
The foxfire hits the orc.
You kill the orc!
Casting: Foxfire (safe; 4% risk of failure)
Confirm with . or Enter, or press ? or * to list all spells.
You conjure some foxfire!
Your foxfire dissipates!
Your foxfire dissipates!
An endoplasm, an orc and an orc priest come into view.
The orc shouts!
Casting: Foxfire (safe; 4% risk of failure)
Confirm with . or Enter, or press ? or * to list all spells.
You conjure some foxfire!
An orc comes into view. It is wielding a +0 hand axe.
An orc priest comes into view. It is wielding a +0 flail.
The foxfire hits the endoplasm.
The endoplasm is heavily wounded.
The endoplasm quivers.
The orc priest calls down the wrath of Beogh upon you.
Pain shoots through your body!
Ouch! That really hurt!
There are monsters nearby!
There are monsters nearby!
There are monsters nearby!
Unknown command.
Your foxfire dissipates!
There is a stone staircase leading down here.
The orc priest invokes the aid of Beogh against you.
Beogh smites you!
You die...

#. #.##################
#.#.......#.........
#.#.#####.#.########
#.#.................
.......#.#.........########
...oo..#...........#<.....#
....o..#...........######.#
.o.....#...Jo...@.÷######.#
..)....#.o########÷.......#
.......#..# ##########
.......#o.# .#######J.#
..oJo.>o..#######
.###.............
.###.............
.##...#########..


You could see an orc priest, an orc and an endoplasm.

Vanquished Creatures
  Robin (D:2)
  2 adders (D:2)
  3 worms (D:2)
  A dart slug (D:1)
  An orc (D:3)
  3 endoplasms (D:2)
  A giant cockroach (D:1)
  6 goblins
  8 hobgoblins
  3 jackals (D:3)
  6 kobolds
  A quokka (D:1)
  5 ball pythons
  4 bats
  A frilled lizard (D:2)
  3 rats (D:2)
49 creatures vanquished.

Vanquished Creatures (collateral kills)
  A goblin (D:2)
1 creature vanquished.

Vanquished Creatures (others)
  129 foxfires
  A fungus (D:2)
130 creatures vanquished.

Grand Total: 180 creatures vanquished

Notes
Turn   | Place    | Note
-------+----------+-------------------------------------------
     0 | D:1      | kae the Tengu Fire Elementalist began the quest for the
                  | Orb.
     0 | D:1      | Reached XP level 1. HP: 10/10 MP: 4/4
   259 | D:1      | Found a faded altar of an unknown god.
   311 | D:1      | Reached XP level 2. HP: 11/16 MP: 1/6
   660 | D:1      | You fall into a shaft and drop 1 floor!
   660 | D:2      | Noticed Robin
   698 | D:2      | Killed Robin
   699 | D:2      | Reached XP level 3. HP: 5/20 MP: 7/7
   707 | D:2      | Found a glowing golden altar of the Shining One.
   720 | D:2      | Reached skill level 1 in Fighting
   720 | D:2      | Reached skill level 1 in Armour
  1040 | D:2      | Learned a level 2 spell: Scorch
  1044 | D:2      | Learned a level 3 spell: Conjure Flame
  1104 | D:2      | Reached XP level 4. HP: 16/25 MP: 0/8
  2658 | D:2      | Noticed Natasha
  2821 | D:2      | Found a runed translucent door.
  2822 | D:2      | Noticed Crazy Yiuf
  2825 | D:2      | Identified a scroll of acquirement
  2825 | D:2      | Acquired 575 gold pieces
  3044 | D:3      | Noticed robertstho's ghost (amateur TeHu)
  3046 | D:3      | Found a runed translucent gate.
  3050 | D:3      | Found a runed translucent gate.
  3050 | D:3      | Found a runed translucent gate.
  3110 | D:3      | Killed from afar by an orc priest

Illustrated notes

Levels and vault maps discovered:
D:1:      beargit_arrival_greenhouse, layout_loops_cross,
          hellmonk_ecumenical_altar_blasted
D:2:      layout_loops_cross, basic_altar, minmay_diced_spiral, uniq_robin,
          uniq_natasha, uniq_crazy_yiuf_cottage
D:3:      layout_basic, gammafunk_ghost_split

Skill      XL: |  1  2  3 |
---------------+----------+-----
Conjurations   | 2 |  2.5
Fighting       | 1 |  1.3
Armour         | 1 |  1.6
Dodging        | |  2.9
Stealth        | |  2.0
Spellcasting   | |  2.4
Fire Magic     | |  3.7

Action                   |  1- 3 |  4- 6 || total
-------------------------+-------+-------++-------
Melee: Unarmed           |    11 |    20 ||    31
       Kick              |     4 |     7 ||    11
       Peck              |       |     4 ||     4
 Cast: Foxfire           |    42 |    43 ||    85
       Scorch            |       |     3 ||     3
  Use: Scroll            |     5 |     3 ||     8
       Potion            |     2 |       ||     2
 Stab: Distracted        |     1 |       ||     1
       Sleeping          |       |     2 ||     2
Armor: Robe              |     3 |     4 ||     7
Dodge: Dodged            |    28 |    36 ||    64

Table legend: (Time is in decaauts)
 A = Elapsed time spent in this place.
 B = Non-inter-level travel time spent in this place.
 C = Inter-level travel time spent in this place.
 D = Time resting spent in this place.
 E = Time spent auto-exploring this place.
 F = Levels seen in this place.
 G = Mean time per level.
                   A        B        C        D        E       F      G
               +--------+--------+--------+--------+--------+-----+--------+
         Total |   3121 |   3080 |     41 |      4 |   2652 |   3 | 1040.3 |
       Dungeon |   3121 |   3080 |     41 |      4 |   2652 |   3 | 1040.3 |
               +--------+--------+--------+--------+--------+-----+--------+

Top non-repeatable levels by time:
     D:2: 2026 daAuts
     D:1: 841 daAuts
     D:3: 253 daAuts
